AoeStats
← Boustos13

Arena

510067343Analyzed
1v1 RM · 4d ago on Sep 29, 2026· 32m 5s· 2 players
Game mode
Random Map
Map size
Tiny (2 player)
Population
200
Speed
Normal
Resources
Standard
Victory
Conquest
Starting age
Dark Age
Ending age
Imperial Age
RankedLock teamsTeams togetherTeam positionsShared explorationLock speedFull tech treeHidden civsTurbo modeCheats
Victory
Defeat
🇮🇹 Malians · Italy
999
+14
🇫🇷 Teutons · France
946
-41
Boustos13
0:42 Loom
15:38 Feudal Age
20:56 Castle Age
19:16 Gold Mining
19:16 Stone Mining
19:09 Horse Collar
19:18 Double-Bit Axe
22:42 Man-at-Arms
24:31 Fortified Wall
26:42 Ballistics
spadaccinho91
11:07 Feudal Age
9:50 Loom
12:17 Double-Bit Axe
15:39 Castle Age
18:01 Bow Saw
25:33 Fletching
26:42 Wheelbarrow
27:55 Tigui
29:40 Bodkin Arrow
32:53 Imperial Age
30:09 Town Watch
30:59 Ballistics
32:01 Murder Holes
32:17 Masonry
Connection lost

Rejoining the realm…

Still unreachable

The connection could not be restored.

Session expired

The server has moved on; the page needs a fresh start.